[Event "Titled Tuesday Blitz June 28 Early 2022"]
[White "Begunov, Konstantin"]
[Black "Ghazarian, Kirk"]
[WhiteFideId "4118510"]
[BlackFideId "30908604"]
[WhiteElo "2262"]
[BlackElo "2003"]
[Result "1-0"]
[Round "06"]
[TimeControl "180+1"]
[Date "2022.06.28"]
[WhiteClock "0:00:16"]
[BlackClock "0:00:29"]

1. d4 d5 2. c4 c6 3. Nc3 Nf6 4. Nf3 g6 5. cxd5 cxd5 6. Bf4 Bg7 7. e3 O-O 8. Bd3 Nc6 9. O-O a6 10. Ne5 Bd7 11. h3 Rc8 12. Nxc6 Bxc6 13. Be5 b5 14. Qe2 Ne8 15. Bxg7 Kxg7 16. a4 b4 17. Nb1 a5 18. Nd2 Nd6 19. Nb3 Nc4 20. Rfc1 Nd6 21. Ba6 Rc7 22. Nxa5 Ba8 23. Nb3 Qb8 24. Nc5 Nf5 25. Qb5 Qa7 26. Qxb4 Rb8 27. Bb5 Nd6 28. Qb3 Qa5 29. Qc3 Qb6 30. Ne6+ fxe6 31. Qxc7 Nxb5 32. Qxb6 Rxb6 33. axb5 Bb7 34. Ra5 Kf6 35. Kf1 e5 36. Ke2 exd4 37. exd4 Ke6 38. Kd3 Kd6 39. Rc5 e5 40. Ra7 g5 41. f3 h5 42. Kc3 h4 43. Kd3 e4+ 44. Ke3 exf3 45. gxf3 Ke6 46. Kd3 Kd6 47. Kc3 Ke6 48. Kb4 Kd6 49. Ka5 1-0


[Site "https://www.chess.com"]

[Event "Titled Tuesday Blitz June 28 Early 2022"]
[White "Bellahcene, Bilel"]
[Black "Vifleemskaia, Svetlana"]
[WhiteFideId "696358"]
[BlackFideId "4129490"]
[WhiteElo "2543"]
[BlackElo "1929"]
[Result "0-1"]
[Round "06"]
[TimeControl "180+1"]
[Date "2022.06.28"]
[WhiteClock "0:00:01"]
[BlackClock "0:00:04"]

1. d4 Nf6 2. Bf4 d5 3. e3 c5 4. Nf3 Nc6 5. Nc3 a6 6. h3 cxd4 7. Nxd4 Nxd4 8. Qxd4 e6 9. O-O-O Qa5 10. Qa4+ Qxa4 11. Nxa4 Nd7 12. e4 b5 13. Nc3 b4 14. Na4 dxe4 15. Bc4 e5 16. Bg3 Be7 17. Bd5 Rb8 18. Bxe4 O-O 19. Bc6 Rd8 20. b3 f6 21. f4 exf4 22. Bxf4 Ne5 23. Rxd8+ Bxd8 24. Bd5+ Kf8 25. Nb2 Rb5 26. Be4 f5 27. Bxe5 Rxe5 28. Bf3 Bg5+ 29. Kb1 a5 30. Nd3 Re7 31. Re1 Rxe1+ 32. Nxe1 Ke7 33. c3 Bd2 34. Nd3 Bxc3 35. Kc2 Kd6 36. Nf4 g6 37. Ne2 Be5 38. g4 Bd7 0-1


[Site "https://www.chess.com"]

[Event "Titled Tuesday Blitz June 28 Early 2022"]
[White "Bharath Subramaniyam H"]
[Black "Starozhilov, Leonid"]
[WhiteFideId "46634827"]
[BlackFideId "14106752"]
[WhiteElo "2855"]
[BlackElo "2629"]
[Result "1/2-1/2"]
[Round "06"]
[TimeControl "180+1"]
[Date "2022.06.28"]
[WhiteClock "0:00:08"]
[BlackClock "0:00:04"]

1. d4 Nf6 2. Nf3 g6 3. Nc3 d6 4. e4 Bg7 5. Be2 Bg4 6. O-O O-O 7. a4 Nc6 8. d5 Bxf3 9. Bxf3 Ne5 10. Be2 c6 11. Be3 a5 12. f4 Ned7 13. Bf3 Qc7 14. Qd2 Rac8 15. Rac1 Rfe8 16. Rfe1 e6 17. dxe6 Rxe6 18. g4 Rce8 19. g5 Nxe4 20. Nxe4 Rxe4 21. Bxe4 Rxe4 22. Bf2 Rxa4 23. b3 Rb4 24. Re8+ Nf8 25. Rce1 Qd7 26. Kg2 d5 27. h3 h6 28. Bc5 hxg5 29. Bxb4 axb4 30. fxg5 Bc3 31. Qf4 Bxe1 32. Rxe1 Ne6 33. Qf6 Qd6 34. Rf1 Qd7 35. Qe5 d4 36. Rf3 c5 37. h4 Ng7 38. Qb8+ Kh7 39. Qf4 Nf5 40. h5 Qe6 41. hxg6+ Kxg6 42. Rf2 Qd5+ 43. Kg1 Qe6 44. Kh2 Qd5 45. Re2 Qd6 46. Re5 Qd7 47. Rxc5 d3 48. cxd3 Qxd3 49. Re5 Qc2+ 50. Kg1 Qb1+ 51. Kf2 Qc2+ 52. Kg1 Qb1+ 53. Qf1 Qc2 54. Qf2 Qb1+ 55. Kh2 Qd3 56. Kg1 Kxg5 57. Re8 Kg6 58. Rg8+ Kf6 59. Qb6+ Qd6 60. Qxb7 Qd4+ 61. Kh1 Qd1+ 62. Kh2 Qe2+ 63. Rg2 Qh5+ 64. Kg1 Qd1+ 65. Kf2 Qd2+ 66. Kf3 Qe3+ 67. Kg4 Nh6+ 68. Kh4 Nf5+ 69. Kg4 Nh6+ 70. Kh4 Nf5+ 71. Kg4 1/2-1/2


[Site "https://www.chess.com"]

[Event "Titled Tuesday Blitz June 28 Early 2022"]
[White "Blokhin, Sofia"]
[Black "Khamdamova, Afruza"]
[WhiteFideId "4508190"]
[BlackFideId "14210444"]
[WhiteElo "1760"]
[BlackElo "1660"]
[Result "1-0"]
[Round "06"]
[TimeControl "180+1"]
[Date "2022.06.28"]
[WhiteClock "0:00:08"]
[BlackClock "0:00:05"]

1. d4 Nf6 2. c4 e6 3. Nc3 d5 4. e3 Be7 5. Nf3 O-O 6. cxd5 exd5 7. Bd3 c6 8. O-O Bg4 9. Be2 Nbd7 10. Ne5 Bxe2 11. Qxe2 Bd6 12. f4 Ne4 13. Nxe4 dxe4 14. Qc2 Re8 15. Qb3 Re7 16. Bd2 Nxe5 17. dxe5 Bxe5 18. Bb4 Bd6 19. Rad1 Rd7 20. Bxd6 Rxd6 21. Rxd6 Qxd6 22. Qxb7 Rb8 23. Qxa7 Rxb2 24. Qa8+ Rb8 25. Qa4 Qd3 26. Qd4 Qc2 27. Rd1 h5 28. Qd2 Qc4 29. Rc1 Qb5 30. h3 Ra8 31. Qd6 Rxa2 32. Qxc6 Qd3 33. Qc8+ Kh7 34. Qf5+ g6 35. Qxf7+ Kh6 36. Qf8+ 1-0


[Site "https://www.chess.com"]

[Event "Titled Tuesday Blitz June 28 Early 2022"]
[White "Bluebaum, Matthias"]
[Black "Atabayev, Saparmyrat"]
[WhiteFideId "24651516"]
[BlackFideId "14000571"]
[WhiteElo "2914"]
[BlackElo "2757"]
[Result "1-0"]
[Round "06"]
[TimeControl "180+1"]
[Date "2022.06.28"]
[WhiteClock "0:00:30"]
[BlackClock "0:00:18"]

1. d4 d5 2. c4 e5 3. dxe5 d4 4. Nf3 Nc6 5. a3 Be6 6. e3 dxe3 7. Qxd8+ Rxd8 8. Bxe3 Nge7 9. Nc3 Ng6 10. Nb5 Rd7 11. Nxa7 Ncxe5 12. Nxe5 Nxe5 13. Rc1 c6 14. Nc8 Ng4 15. Nb6 Rd8 16. c5 Nxe3 17. fxe3 Be7 18. b4 Bf6 19. Bc4 Bb2 20. Rb1 Bc3+ 21. Kf2 Rd2+ 22. Kf3 h5 23. Bxe6 fxe6 24. Nc4 O-O+ 25. Kg3 Re2 26. Rhc1 Bd2 27. Rf1 h4+ 28. Kh3 Bxe3 29. Rxf8+ Kxf8 30. Kxh4 Bd4 31. Kh3 Ke7 32. g3 Rc2 33. Nd6 b5 34. Rd1 Be5 35. Nc8+ Kf6 36. Na7 g5 37. Nxc6 Bc7 38. Rf1+ Kg6 39. Nd4 Ra2 40. Nxe6 Be5 41. Kg4 Rxh2 42. Nxg5 Rg2 43. Rf3 Bb8 44. Ne6 Ra2 45. Nd4 Re2 46. Nxb5 Re4+ 47. Kh3 Kg5 48. Nd6 Re3 49. Rxe3 1-0


[Site "https://www.chess.com"]

[Event "Titled Tuesday Blitz June 28 Early 2022"]
[White "Bolanos, Fernando"]
[Black "Ajay Krishna, S"]
[WhiteFideId "3304094"]
[BlackFideId "5096430"]
[WhiteElo "2048"]
[BlackElo "2247"]
[Result "0-1"]
[Round "06"]
[TimeControl "180+1"]
[Date "2022.06.28"]
[WhiteClock "0:00:17"]
[BlackClock "0:01:07"]

1. e4 e5 2. Nf3 Nc6 3. Bb5 a6 4. Ba4 Nf6 5. O-O b5 6. Bb3 Bc5 7. d3 d6 8. h3 O-O 9. c3 h6 10. Nbd2 Bb6 11. Re1 Re8 12. Nf1 Be6 13. Be3 Bxe3 14. Nxe3 d5 15. Nxd5 Nxd5 16. exd5 Bxd5 17. a4 Bxb3 18. Qxb3 Qxd3 19. axb5 axb5 20. Rxa8 Rxa8 21. Nxe5 Nxe5 22. Rxe5 Ra1+ 23. Kh2 Qd6 24. f4 Qf6 25. Qb4 c6 26. Qe4 g6 27. Rc5 Ra4 28. b4 Ra6 29. Qe5 Kg7 30. Kg3 Qxe5 31. fxe5 Kf8 32. Kf4 Ke7 33. g4 Kd7 34. h4 Ra1 35. e6+ fxe6 36. g5 Rf1+ 37. Ke4 h5 38. Ke5 Rf5+ 39. Ke4 Kd6 40. Rxf5 exf5+ 41. Kd4 Ke6 42. Kc5 f4 43. Kxc6 f3 44. Kxb5 f2 45. c4 f1=Q 46. Kb6 Qxc4 47. b5 0-1


[Site "https://www.chess.com"]

[Event "Titled Tuesday Blitz June 28 Early 2022"]
[White "Bommini, Mounika Akshaya"]
[Black "Hamley, Ryan"]
[WhiteFideId "25019872"]
[BlackFideId "30959497"]
[WhiteElo "1680"]
[BlackElo "2479"]
[Result "0-1"]
[Round "06"]
[TimeControl "180+1"]
[Date "2022.06.28"]
[WhiteClock "0:00:02"]
[BlackClock "0:00:36"]

1. d4 Nf6 2. Bf4 e6 3. e3 g6 4. h4 h6 5. Nf3 d6 6. c4 Bg7 7. Nc3 O-O 8. Bd3 Nc6 9. e4 e5 10. dxe5 Nh5 11. Be3 Nxe5 12. Nxe5 dxe5 13. Be2 Nf4 14. Qxd8 Nxg2+ 15. Kf1 Nxe3+ 16. fxe3 Rxd8 17. Nd5 c6 18. Ne7+ Kf8 19. Nxc8 Raxc8 20. Kf2 Rd2 21. Rab1 Ke8 22. Rhd1 Rxd1 23. Rxd1 Bf8 24. Bg4 Rc7 25. Kg3 Bc5 26. Kf2 Ke7 27. h5 a5 28. Ke2 b5 29. cxb5 cxb5 30. Rc1 Kf6 31. Rf1+ Kg5 32. hxg6 fxg6 33. Rg1 Kf6 34. Rf1+ Kg7 35. Be6 Re7 36. Bd5 h5 37. Rc1 Rc7 38. Kf3 g5 39. Kg3 Kg6 40. b3 g4 41. Be6 Kg5 42. Rh1 Bxe3 43. Re1 Bf4+ 44. Kg2 h4 45. Kg1 Rc2 46. Rf1 g3 0-1


[Site "https://www.chess.com"]

[Event "Titled Tuesday Blitz June 28 Early 2022"]
[White "Boraso, Alessio"]
[Black "Fernandez Hernandez, Gerardo"]
[WhiteFideId "848077"]
[BlackFideId "2207400"]
[WhiteElo "2286"]
[BlackElo "2234"]
[Result "1-0"]
[Round "06"]
[TimeControl "180+1"]
[Date "2022.06.28"]
[WhiteClock "0:01:47"]
[BlackClock "0:01:23"]

1. d4 Nf6 2. c4 c5 3. d5 b5 4. cxb5 a6 5. f3 e6 6. e4 exd5 7. e5 Nh5 8. Nh3 Bb7 9. g4 Qh4+ 10. Nf2 Nc6 11. bxc6 Bxc6 12. gxh5 1-0


[Site "https://www.chess.com"]

[Event "Titled Tuesday Blitz June 28 Early 2022"]
[White "Bortnyk, Mykola"]
[Black "Csonka, Balazs"]
[WhiteFideId "14120836"]
[BlackFideId "742910"]
[WhiteElo "2930"]
[BlackElo "2769"]
[Result "1/2-1/2"]
[Round "06"]
[TimeControl "180+1"]
[Date "2022.06.28"]
[WhiteClock "0:00:08"]
[BlackClock "0:00:07"]

1. e4 e6 2. d4 d5 3. Nc3 Nf6 4. e5 Nfd7 5. Nf3 c5 6. dxc5 Bxc5 7. Bd3 Nc6 8. Bf4 f6 9. exf6 Qxf6 10. Bg5 Qf7 11. Bh4 Nde5 12. Nxe5 Nxe5 13. Bb5+ Bd7 14. Bxd7+ Qxd7 15. O-O O-O 16. Bg3 Nc4 17. Qg4 Nxb2 18. Rfe1 Rae8 19. Re5 Nc4 20. Rxd5 Qc6 21. Rg5 Rf7 22. Ne4 Be7 23. Rh5 Ref8 24. Re1 Rf5 25. f3 Bc5+ 26. Kh1 Ne3 27. Qh4 Rxh5 28. Qxh5 Nf5 29. Be5 Be7 30. c3 Qe8 31. Qg4 Qg6 32. h3 Rc8 33. Nf2 Kf7 34. Nd3 Qxg4 35. hxg4 Nh4 36. Bd4 Ng6 37. a4 b6 38. a5 Bf6 39. axb6 axb6 40. Ra1 Bxd4 41. cxd4 Rd8 42. Ra7+ Kg8 43. Ra4 h6 44. Rb4 Rd5 45. Kg1 e5 46. Nxe5 Nxe5 47. dxe5 Rxe5 48. Rxb6 Re2 49. Kh2 Ra2 50. Kg3 Rc2 51. Rb1 Kf7 52. Rb7+ Kf6 53. Rb5 g5 54. Rb3 Kg6 55. Kh3 Rf2 56. Kg3 Rc2 57. Rb1 Rd2 58. Rf1 Rc2 59. Rf2 Rc3 60. Kh2 Rc4 61. g3 h5 62. gxh5+ Kxh5 63. Ra2 Rc3 64. Kg2 Rb3 65. Ra8 Rb2+ 66. Kh3 g4+ 67. fxg4+ Kg5 68. Rg8+ Kh6 69. g5+ Kh7 70. Ra8 Kg6 71. Kh4 Rb4+ 72. g4 Rb1 73. Ra6+ Kg7 74. g6 Rb5 75. Re6 Rc5 76. Rb6 Ra5 77. g5 Ra1 78. Kg4 Rg1+ 79. Kh4 Rh1+ 80. Kg4 Rg1+ 81. Kh4 Rh1+ 82. Kg4 Rg1+ 1/2-1/2


[Site "https://www.chess.com"]

[Event "Titled Tuesday Blitz June 28 Early 2022"]
[White "Bortnyk, Olexandr"]
[Black "Jubin Jimmy"]
[WhiteFideId "14120828"]
[BlackFideId "46686614"]
[WhiteElo "2989"]
[BlackElo "2861"]
[Result "1-0"]
[Round "06"]
[TimeControl "180+1"]
[Date "2022.06.28"]
[WhiteClock "0:02:02"]
[BlackClock "0:01:20"]

1. d4 Nf6 2. Nc3 d5 3. Bf4 e6 4. Nb5 Na6 5. e3 Be7 6. Nf3 O-O 7. Ne5 c5 8. c3 Bd7 9. Nxd7 Qxd7 10. a4 Nb8 11. Nc7 Nc6 12. Nxa8 Rxa8 13. Bd3 Bd6 14. Bxd6 Qxd6 15. O-O e5 16. dxe5 Nxe5 17. Be2 g6 18. h3 h5 19. Qb3 Qc7 20. Rfd1 Rd8 21. Rd2 Kg7 22. Rad1 g5 23. Rxd5 Nxd5 24. Rxd5 Rxd5 25. Qxd5 h4 26. Bh5 Qe7 27. Qe4 Nc6 28. Qxe7 Nxe7 29. Kf1 Kf6 30. Ke2 Ke6 31. Kd3 b6 32. Kc4 Nc8 33. Kb5 Nd6+ 34. Ka6 Nc4 35. b3 Nd2 36. Kxa7 Nxb3 37. Kxb6 1-0


[Site "https://www.chess.com"]

[Event "Titled Tuesday Blitz June 28 Early 2022"]
[White "Buscar, Michael"]
[Black "Balint, Vilmos"]
[WhiteFideId "2603616"]
[BlackFideId "718050"]
[WhiteElo "2010"]
[BlackElo "2059"]
[Result "1-0"]
[Round "06"]
[TimeControl "180+1"]
[Date "2022.06.28"]
[WhiteClock "0:00:43"]
[BlackClock "0:01:21"]

1. Nf3 Nf6 2. b4 d5 3. a3 e6 4. Bb2 Be7 5. e3 O-O 6. c4 c5 7. cxd5 cxb4 8. dxe6 Bxe6 9. Be2 Nc6 10. O-O b3 11. Nc3 a5 12. a4 Nb4 13. d4 h6 14. Ne5 Rc8 15. Rc1 Na2 16. Nxa2 bxa2 17. Nc4 Nd5 18. e4 Nb4 19. d5 Bd7 20. Qd4 Bf6 21. e5 Bg5 22. f4 Bh4 23. g3 Be7 24. d6 Be6 25. dxe7 Qxe7 26. Nd6 Rc2 27. Rxc2 Nxc2 28. Qe4 Nb4 29. Ba3 f5 30. Qxb7 Qxb7 31. Nxb7 Nc2 32. Bxf8 Kxf8 33. Nxa5 a1=Q 34. Rxa1 Nxa1 35. Nc6 Bd5 36. Nd4 g6 37. a5 1-0


[Site "https://www.chess.com"]

[Event "Titled Tuesday Blitz June 28 Early 2022"]
[White "Cherniaiev, Tykhon"]
[Black "Sadhwani, Raunak"]
[WhiteFideId "14182360"]
[BlackFideId "35093487"]
[WhiteElo "2769"]
[BlackElo "2966"]
[Result "0-1"]
[Round "06"]
[TimeControl "180+1"]
[Date "2022.06.28"]
[WhiteClock "0:00:39"]
[BlackClock "0:01:15"]

1. Nf3 d5 2. d4 Nf6 3. c4 e6 4. g3 g6 5. Bg2 Bg7 6. O-O O-O 7. Qc2 c6 8. Nbd2 b6 9. e4 Ba6 10. b3 dxc4 11. Nxc4 Nbd7 12. Rd1 Qc7 13. Bf4 Qd8 14. Bc1 Qe7 15. Nce5 Rac8 16. Nxc6 Qd6 17. Nfe5 Nxe5 18. dxe5 Rxc6 19. Rxd6 Rxc2 20. exf6 Bxf6 21. Rb1 Rfc8 22. Bh6 Bg7 23. Bxg7 Kxg7 24. Rd7 Bb5 25. Rdd1 Rxa2 26. Rbc1 Rxc1 27. Rxc1 Rb2 28. e5 Rxb3 29. Rc7 Rb1+ 30. Bf1 Bxf1 31. h4 Bc4+ 32. Kh2 Bd5 33. g4 a5 34. f4 a4 35. Kg3 a3 36. h5 gxh5 37. gxh5 a2 38. Kh4 Rh1+ 39. Kg5 h6+ 40. Kg4 a1=Q 41. f5 Qg1+ 42. Kf4 Qf2+ 43. Kg4 Rh4# 0-1


[Site "https://www.chess.com"]

[Event "Titled Tuesday Blitz June 28 Early 2022"]
[White "Coto Mederos, Michel"]
[Black "Carrasco Miranda, Andres"]
[WhiteFideId "3508528"]
[BlackFideId "3405990"]
[WhiteElo "2427"]
[BlackElo "2177"]
[Result "1-0"]
[Round "06"]
[TimeControl "180+1"]
[Date "2022.06.28"]
[WhiteClock "0:00:20"]
[BlackClock "0:00:25"]

1. c4 Nf6 2. Nc3 g6 3. g3 Bg7 4. Bg2 c5 5. e3 O-O 6. Nge2 Nc6 7. O-O d6 8. b3 Bg4 9. h3 Bd7 10. Bb2 a6 11. d4 Rb8 12. dxc5 dxc5 13. Rc1 Bf5 14. e4 Be6 15. Rc2 Qc8 16. Kh2 Rd8 17. Nd5 b5 18. cxb5 Rxb5 19. Qc1 Nxd5 20. exd5 Bxd5 21. Bxd5 Rxd5 22. Bxg7 Kxg7 23. Nc3 Rh5 24. h4 Rb4 25. f4 Nd4 26. Rd2 Qg4 27. Qd1 Qxd1 28. Rdxd1 e5 29. g4 Rxh4+ 30. Kg3 Rh6 31. fxe5 Nc2 32. Rd7 Ne3 33. Rdxf7+ Kg8 34. Rf8+ Kg7 35. R1f7# 1-0


[Site "https://www.chess.com"]

[Event "Titled Tuesday Blitz June 28 Early 2022"]
[White "Cremisi, Daniel"]
[Black "Ziatdinov, Raset"]
[WhiteFideId "2089882"]
[BlackFideId "2015323"]
[WhiteElo "2172"]
[BlackElo "2220"]
[Result "1-0"]
[Round "06"]
[TimeControl "180+1"]
[Date "2022.06.28"]
[WhiteClock "0:02:38"]
[BlackClock "0:02:19"]

1. d4 Nf6 2. c4 e6 3. Nf3 b6 4. g3 Ba6 5. Qc2 Bb4+ 6. Bd2 d5 7. Bxb4 dxc4 8. Bg2 Nd5 9. Ba3 c6 10. Ne5 b5 11. O-O Nd7 12. Nxc6 Qc7 13. Nb4 Nxb4 14. Bxb4 Rd8 15. Nc3 Nb6 16. Rfd1 Nd5 17. Nxd5 exd5 18. e4 dxe4 19. Qxe4+ Kd7 20. Bh3+ f5 21. Bxf5# 1-0


[Site "https://www.chess.com"]

[Event "Titled Tuesday Blitz June 28 Early 2022"]
[White "D`Arruda, Ricardo D."]
[Black "Martinez, Shawn"]
[WhiteFideId "100692"]
[BlackFideId "2039770"]
[WhiteElo "2483"]
[BlackElo "2174"]
[Result "0-1"]
[Round "06"]
[TimeControl "180+1"]
[Date "2022.06.28"]
[WhiteClock "0:00:23"]
[BlackClock "0:00:30"]

1. d4 g6 2. e4 Bg7 3. Nf3 b6 4. Nc3 a6 5. Bc4 Bb7 6. a4 e6 7. O-O Ne7 8. Qe2 h6 9. d5 O-O 10. Bd2 exd5 11. exd5 b5 12. axb5 axb5 13. Rxa8 Bxa8 14. d6 Nf5 15. Nxb5 cxd6 16. Bc3 Nc6 17. Bxg7 Kxg7 18. Rd1 Qf6 19. c3 Ne5 20. Nxe5 dxe5 21. Rxd7 Nh4 22. Bd5 Qg5 23. Bxa8 Rxa8 24. g3 e4 25. Rd1 Nf3+ 26. Kg2 Nh4+ 27. Kh1 Nf3 28. Qxe4 Qh5 29. h4 Ra2 30. Qe2 Qg4 31. Kg2 Nxh4+ 32. Kf1 Qh3+ 33. Ke1 Ng2+ 34. Kd2 Rxb2+ 35. Kd3 Rxe2 36. Kxe2 Qh5+ 37. Kd2 Qxb5 0-1


[Site "https://www.chess.com"]

[Event "Titled Tuesday Blitz June 28 Early 2022"]
[White "Daneshvar, Bardiya"]
[Black "Suleymanli, Suleyman"]
[WhiteFideId "12576468"]
[BlackFideId "13416375"]
[WhiteElo "2878"]
[BlackElo "2573"]
[Result "1-0"]
[Round "06"]
[TimeControl "180+1"]
[Date "2022.06.28"]
[WhiteClock "0:00:27"]
[BlackClock "0:00:03"]

1. b3 d5 2. Bb2 Nf6 3. g3 Bf5 4. Bg2 e6 5. d3 c6 6. Nd2 Nbd7 7. e4 dxe4 8. dxe4 Bg6 9. Nh3 Bb4 10. O-O O-O 11. Nf4 Ne5 12. Bxe5 Qxd2 13. Qxd2 Bxd2 14. Nxg6 hxg6 15. Rfd1 Rfd8 16. f3 Be3+ 17. Kf1 Bb6 18. Ke2 Ne8 19. a4 Bc5 20. a5 a6 21. f4 f6 22. Bc3 Kf7 23. Kf3 Nc7 24. Bb2 Nb5 25. c3 Ke7 26. Bf1 Rxd1 27. Rxd1 Rd8 28. Rxd8 Kxd8 29. b4 Ba7 30. h4 Nd6 31. c4 Ke7 32. g4 Kf7 33. e5 Nc8 34. exf6 gxf6 35. g5 f5 36. Be5 Bg1 37. Be2 Ne7 38. Bd1 Kg8 39. Ke2 Kf7 40. Kd3 Kg8 41. h5 Kh7 42. h6 Bh2 43. Bf3 Nc8 44. b5 axb5 45. cxb5 Na7 46. b6 Nb5 47. Bxc6 bxc6 48. b7 c5 49. b8=Q c4+ 50. Kxc4 Na3+ 51. Kb3 Bg1 52. Qh8# 1-0


[Site "https://www.chess.com"]

[Event "Titled Tuesday Blitz June 28 Early 2022"]
[White "De La Colina, Nicolas"]
[Black "Agibileg, Uurtsaikh"]
[WhiteFideId "30946921"]
[BlackFideId "4901606"]
[WhiteElo "2046"]
[BlackElo "2205"]
[Result "1-0"]
[Round "06"]
[TimeControl "180+1"]
[Date "2022.06.28"]
[WhiteClock "0:00:12"]
[BlackClock "0:00:15"]

1. e4 c5 2. c3 d5 3. exd5 Qxd5 4. Nf3 Nf6 5. d4 e6 6. Na3 Be7 7. Nb5 Na6 8. Be3 cxd4 9. Nbxd4 O-O 10. Be2 Ng4 11. Bc1 Nc5 12. O-O a6 13. h3 Nf6 14. c4 Qd8 15. b3 Nce4 16. Bb2 Qa5 17. Qc2 Ba3 18. Bd3 Bxb2 19. Qxb2 Nc5 20. Bc2 Ncd7 21. Rad1 Ne5 22. Nxe5 Qxe5 23. Rfe1 Qc5 24. Qc3 b5 25. Bd3 bxc4 26. Qxc4 Qxc4 27. Bxc4 Bb7 28. Ne2 Rfd8 29. Nc3 Rac8 30. f3 Ra8 31. Kf2 Kf8 32. Ke3 Ke7 33. Na4 Rac8 34. Rxd8 Kxd8 35. Rd1+ Ke7 36. Nc3 h5 37. h4 Nd7 38. Na4 Ne5 39. Rc1 Nxc4+ 40. Rxc4 Rxc4 41. bxc4 Kd6 42. Kd4 e5+ 43. Kd3 f6 44. a3 g5 45. hxg5 fxg5 46. Nc3 g4 47. Ne4+ Ke7 48. fxg4 1-0


[Site "https://www.chess.com"]

[Event "Titled Tuesday Blitz June 28 Early 2022"]
[White "Di Nicolantonio, Lucas"]
[Black "Adewumi, Tanitoluwa"]
[WhiteFideId "680460"]
[BlackFideId "30966396"]
[WhiteElo "2381"]
[BlackElo "2678"]
[Result "0-1"]
[Round "06"]
[TimeControl "180+1"]
[Date "2022.06.28"]
[WhiteClock "0:00:09"]
[BlackClock "0:00:24"]

1. d4 Nf6 2. Bg5 e6 3. e4 h6 4. Bxf6 Qxf6 5. c3 c5 6. Nf3 cxd4 7. cxd4 d6 8. Nc3 Qe7 9. Rc1 a6 10. Be2 g6 11. O-O Bg7 12. e5 O-O 13. Ne4 dxe5 14. Nxe5 Rd8 15. Qb3 b5 16. Bf3 Bb7 17. Nc5 Bd5 18. Bxd5 Rxd5 19. Qf3 Ra7 20. Nb3 Kh7 21. g3 Bxe5 22. dxe5 Nd7 23. Na5 Nxe5 24. Qe3 Rc7 25. Qb6 Rxc1 26. Rxc1 Qg5 27. Qe3 Qxe3 28. fxe3 Rd2 29. b4 Nf3+ 30. Kf1 Nxh2+ 31. Ke1 Nf3+ 32. Kf1 Rxa2 33. Rc7 Nh2+ 34. Ke1 Nf3+ 35. Kd1 Kg7 36. Nc6 Rd2+ 37. Kc1 Rd3 38. Kc2 Rxe3 39. Nd8 Ng5 40. Ra7 Rxg3 41. Rxa6 h5 42. Rb6 h4 43. Rxb5 h3 44. Ra5 h2 45. Ra1 Rg1 0-1


[Site "https://www.chess.com"]

[Event "Titled Tuesday Blitz June 28 Early 2022"]
[White "Dixit, Arun"]
[Black "Mosutha, Thuso"]
[WhiteFideId "30937671"]
[BlackFideId "11302550"]
[WhiteElo "2387"]
[BlackElo "2028"]
[Result "1-0"]
[Round "06"]
[TimeControl "180+1"]
[Date "2022.06.28"]
[WhiteClock "0:02:25"]
[BlackClock "0:02:31"]

1. d4 Nf6 2. c4 g6 3. Nc3 Bg7 4. e4 d6 5. f4 O-O 6. Nf3 c5 7. d5 e6 8. dxe6 Bxe6 9. Bd3 Nc6 10. f5 Bc8 11. O-O Re8 12. Bg5 Ne5 13. Nxe5 Rxe5 14. Nd5 h6 15. Bxf6 Bxf6 16. fxg6 Rxd5 17. gxf7+ Kxf7 18. exd5 Qg8 19. Qh5+ Ke7 20. Rae1+ Be5 21. Rxe5+ dxe5 22. Qxe5+ Kd8 23. Qd6+ Ke8 24. Bg6+ 1-0


[Site "https://www.chess.com"]

[Event "Titled Tuesday Blitz June 28 Early 2022"]
[White "Djabri,Massinas"]
[Black "Piesik, Piotr"]
[WhiteFideId "7905726"]
[BlackFideId "1136194"]
[WhiteElo "1941"]
[BlackElo "2247"]
[Result "0-1"]
[Round "06"]
[TimeControl "180+1"]
[Date "2022.06.28"]
[WhiteClock "0:00:02"]
[BlackClock "0:00:55"]

1. d4 c5 2. d5 e5 3. c4 d6 4. Nc3 Be7 5. g3 Bg5 6. f4 exf4 7. Nf3 Bf6 8. gxf4 Bxc3+ 9. bxc3 f5 10. e3 Nf6 11. Bd3 Qe7 12. Rg1 O-O 13. Qc2 Ng4 14. Qe2 g6 15. h3 Nf6 16. Qc2 Re8 17. Bd2 Ne4 18. O-O-O Nd7 19. Ng5 Ndf6 20. Kb1 Kg7 21. Bc1 h6 22. Nf3 Kh7 23. Nh4 Rg8 24. Ka1 Bd7 25. Rg2 Rg7 26. Rdg1 Rag8 27. Nf3 a6 28. h4 b5 29. h5 Nxh5 30. Rh2 bxc4 31. Bxc4 Bb5 32. Bxb5 axb5 33. Rgh1 Nef6 34. Nh4 Qe4 35. Qe2 Ng4 36. Rg2 Nhf6 37. c4 bxc4 38. Bb2 Nxd5 39. Bxg7 Rxg7 40. Nf3 Qd3 41. Qxd3 cxd3 42. Nd2 Ngxe3 43. Rg3 Ra7 44. Rhh3 Nc2+ 45. Kb2 Rb7+ 46. Kc1 Nxf4 47. Rh4 Ne2+ 0-1


[Site "https://www.chess.com"]

[Event "Titled Tuesday Blitz June 28 Early 2022"]
[White "Domingo Nunez, Ruben"]
[Black "Ozdemir, Serhan Berat"]
[WhiteFideId "22245570"]
[BlackFideId "6374611"]
[WhiteElo "2376"]
[BlackElo "1920"]
[Result "0-1"]
[Round "06"]
[TimeControl "180+1"]
[Date "2022.06.28"]
[WhiteClock "0:00:06"]
[BlackClock "0:00:20"]

1. c4 Nf6 2. Nf3 g6 3. g3 Bg7 4. Bg2 O-O 5. O-O d6 6. Nc3 c6 7. b3 e5 8. Bb2 Re8 9. d3 Bf5 10. Rc1 a5 11. e4 Bg4 12. h3 Be6 13. d4 exd4 14. Nxd4 Nbd7 15. Nxe6 Rxe6 16. Qc2 Nc5 17. Rcd1 Qc7 18. Rfe1 Rae8 19. Ba3 Nfd7 20. Bb2 Na6 21. h4 Ndc5 22. Qd2 Nb4 23. Re3 Bh6 24. f4 f5 25. Qe2 Bg7 26. Re1 fxe4 27. Nxe4 Nxe4 28. Bxg7 Qxg7 29. Rxe4 Rxe4 30. Bxe4 Qd4+ 31. Kg2 Kg7 32. Qf2 Rxe4 33. Qf3 Rxe1 0-1


[Site "https://www.chess.com"]

[Event "Titled Tuesday Blitz June 28 Early 2022"]
[White "Donatti, Alvaro"]
[Black "Gatterer, Florian"]
[WhiteFideId "3000303"]
[BlackFideId "811688"]
[WhiteElo "2138"]
[BlackElo "2218"]
[Result "1/2-1/2"]
[Round "06"]
[TimeControl "180+1"]
[Date "2022.06.28"]
[WhiteClock "0:02:44"]
[BlackClock "0:02:42"]

1. e4 c5 2. Nf3 e6 3. d4 cxd4 4. Nxd4 Nc6 5. Nc3 Qc7 6. Be3 a6 7. g3 Nf6 8. Bg2 Nxd4 9. Bxd4 Bc5 10. O-O Bxd4 11. Qxd4 d6 12. Rad1 Ke7 1/2-1/2


[Site "https://www.chess.com"]

[Event "Titled Tuesday Blitz June 28 Early 2022"]
[White "Dudzinski, Pawel"]
[Black "Royal, Shreyas"]
[WhiteFideId "1117890"]
[BlackFideId "448869"]
[WhiteElo "2011"]
[BlackElo "1986"]
[Result "1-0"]
[Round "06"]
[TimeControl "180+1"]
[Date "2022.06.28"]
[WhiteClock "0:00:02"]
[BlackClock "0:02:17"]

1. e4 e5 2. Nc3 Nc6 3. g3 Nf6 4. Bg2 g6 5. Nge2 Bg7 6. O-O O-O 7. f4 d6 8. d3 Bg4 9. h3 Bd7 10. f5 Nd4 11. g4 h6 12. Nxd4 exd4 13. Ne2 c5 14. Ng3 Bc6 15. g5 hxg5 16. Bxg5 Qe8 17. Bxf6 Bxf6 18. Qg4 Bd7 19. Nh5 Qe5 20. Nxf6+ Qxf6 21. Qg3 Kg7 22. fxg6 Qxg6 23. Rf3 Rac8 24. Qf4 Qh6 25. Rg3+ Kh7 26. Qxh6+ Kxh6 27. Rf1 Rg8 28. Rf6+ Kh5 29. Kh2 Be6 30. Bf3+ Bg4 31. Rxg4 Rxg4 32. hxg4+ Kg5 33. Rf5+ Kh4 34. Rh5# 1-0


[Site "https://www.chess.com"]

[Event "Titled Tuesday Blitz June 28 Early 2022"]
[White "Dushyant Sharma"]
[Black "Kanyamarala, Trisha"]
[WhiteFideId "25065130"]
[BlackFideId "45004722"]
[WhiteElo "2105"]
[BlackElo "2134"]
[Result "1-0"]
[Round "06"]
[TimeControl "180+1"]
[Date "2022.06.28"]
[WhiteClock "0:00:08"]
[BlackClock "0:00:13"]

1. e4 c5 2. Nf3 d6 3. d4 cxd4 4. Nxd4 Nf6 5. Nc3 Nc6 6. f4 e6 7. Nf3 a6 8. Bd3 Be7 9. a4 Qb6 10. Qe2 O-O 11. Rb1 Bd7 12. Be3 Qa5 13. O-O Nb4 14. Kh1 Nxd3 15. cxd3 Bc6 16. Qf2 b5 17. Bb6 Qb4 18. Nd4 Bd7 19. Nc2 Qb3 20. a5 Rac8 21. Nd4 Qb4 22. Rfc1 e5 23. Nc2 Qb3 24. Ne3 exf4 25. Ned5 Nxd5 26. Nxd5 Bg5 27. Bd4 Rxc1+ 28. Rxc1 f3 29. Rg1 fxg2+ 30. Qxg2 Bh6 31. Qxg7+ Bxg7 32. Rxg7+ Kh8 33. Rxf7+ Kg8 34. Rg7+ Kh8 35. Rg6+ Rf6 36. Bxf6# 1-0


[Site "https://www.chess.com"]